General information
- name: BNet
- type: Ladder team game (AT/RT)
- host: Battle.net
- saver: BeinJonMatheson
map: UpperKingdom
- players: 6
- length: 138:36
- speed: Fast
- version: 1.21 W3XP
- replay type: Public
» download(734 KB)
Players
team 1 (winner)
BeinJonMatheson (
yellow | 49 APM | 6789 actions | 138:36)
10 Blademaster
3 Wind Walk
3 Critical Strike
1 Bladestorm
3 Mirror Image
» actions
| Assign group hotkey | 465 | |
| Basic commands | 15 | |
| Build / train | 113 | |
| ESC pressed | 3 | |
| Enter build submenu | 88 | |
| Enter hero's abilities submenu | 12 | |
| Give item / drop item | 9 | |
| Remove unit from queue | 13 | |
| Right click | 3748 | |
| Select / deselect | 760 | |
| Select group hotkey | 1118 | |
| Use ability | 444 | |
6789 total
» units
| Peon | 26 | |
| Wind Rider | 4 | |
| Troll Batrider | 19 | |
49 total
» upgrades
| Spiked Barricades | 1 | |
| Ranged Weapons | 3 | |
| Envenomed Spears | 1 | |
| Armor | 1 | |
| Reinforced Defenses | 1 | |
| Liquid Fire | 1 | |
8 total
» buildings
| Altar of Storms | 3 | |
| Orc Burrow | 6 | |
| War Mill | 2 | |
| Watch Tower | 72 | |
| Voodoo Lounge | 3 | |
| Stronghold | 3 | |
| Beastiary | 2 | |
| Fortress | 2 | |
| Great Hall | 2 | |
95 total
» build order
00:02 Altar of Storms
00:10 Orc Burrow
00:19 War Mill
01:33 Watch Tower
01:53 Watch Tower
02:16 Orc Burrow
02:45 Watch Tower
02:49 Watch Tower
03:19 Voodoo Lounge
03:20 Watch Tower
03:34 Watch Tower
03:44 Watch Tower
04:05 Watch Tower
04:17 Watch Tower
04:20 Watch Tower
04:28 Watch Tower
04:58 Voodoo Lounge
05:12 Stronghold
05:13 Stronghold
05:32 Watch Tower
05:41 Watch Tower
05:55 Voodoo Lounge
06:26 Orc Burrow
06:30 Watch Tower
07:04 Watch Tower
07:05 Watch Tower
07:06 Watch Tower
07:57 Beastiary
07:59 Beastiary
08:00 Fortress
08:10 Orc Burrow
08:42 Great Hall
08:43 Watch Tower
09:25 Watch Tower
10:25 Watch Tower
10:46 Watch Tower
11:54 Watch Tower
11:55 Watch Tower
13:48 Watch Tower
13:49 Watch Tower
16:03 Watch Tower
16:04 Watch Tower
16:05 Watch Tower
16:05 Watch Tower
20:19 Watch Tower
20:21 Watch Tower
20:22 Watch Tower
20:22 Watch Tower
20:23 Watch Tower
20:24 Watch Tower
20:25 Watch Tower
20:27 Watch Tower
20:28 Watch Tower
20:29 Watch Tower
25:56 Watch Tower
25:57 Watch Tower
25:57 Watch Tower
25:58 Watch Tower
26:23 Watch Tower
26:24 Watch Tower
26:24 Watch Tower
26:25 Watch Tower
26:25 Watch Tower
26:26 Watch Tower
28:13 Watch Tower
28:15 Watch Tower
32:41 Watch Tower
32:42 Watch Tower
32:43 Watch Tower
32:44 Watch Tower
32:45 Watch Tower
33:46 Watch Tower
33:47 Watch Tower
33:49 Watch Tower
34:40 Watch Tower
34:40 Watch Tower
34:41 Watch Tower
36:34 Watch Tower
36:35 Watch Tower
36:36 Watch Tower
36:38 Watch Tower
37:58 War Mill
39:17 Watch Tower
39:17 Watch Tower
40:12 Watch Tower
40:59 Watch Tower
41:03 Watch Tower
42:59 Great Hall
45:07 Altar of Storms
45:11 Orc Burrow
57:09 Altar of Storms
57:55 Orc Burrow
» items
| Lesser Clarity Potion | 9 | |
| Healing Salve | 5 | |
| Orb of Lightning | 1 | |
| Potion of Healing | 2 | |
| Scroll of Town Portal | 3 | |
| Potion of Mana | 1 | |
| Mechanical Critter | 1 | |
22 total
M.ata (
pink | 98 APM | 13610 actions | 138:35)
10 Warden
3 Shadow Strike
3 Blink
1 Spirit of Vengeance
3 Fan of Knives
3 Pandaren Brewmaster
2 Breath of Fire
1 Drunken Brawler
3 Beastmaster
1 Summon Quilbeast
2 Summon Hawk
» actions
| Assign group hotkey | 2034 | |
| Basic commands | 117 | |
| Build / train | 197 | |
| Enter build submenu | 82 | |
| Enter hero's abilities submenu | 16 | |
| Give item / drop item | 33 | |
| Remove unit from queue | 12 | |
| Right click | 7058 | |
| Select / deselect | 1843 | |
| Select group hotkey | 1098 | |
| Use ability | 1120 | |
13610 total
» units
| Wisp | 74 | |
| Glaive Thrower | 1 | |
| Druid of the Talon | 9 | |
| Hippogryph | 17 | |
| Chimaera | 14 | |
| Magnataur Warrior | 3 | |
| Polar Furbolg Shaman | 1 | |
| Barbed Arachnathid | 1 | |
120 total
» upgrades
| Nature's Blessing | 1 | |
| Well Spring | 1 | |
| Ultravision | 1 | |
| Vorpal Blades | 1 | |
| Strength of the Wild | 3 | |
| Reinforced Hides | 3 | |
| Druid of the Talon Training | 2 | |
| Mark of the Talon | 1 | |
| Corrosive Breath | 1 | |
14 total
» buildings
| Altar of Elders | 2 | |
| Moon Well | 30 | |
| Tree of Ages | 3 | |
| Tree of Life | 13 | |
| Tree of Eternity | 2 | |
| Hunter's Hall | 1 | |
| Ancient of War | 1 | |
| Ancient of Wind | 6 | |
| Ancient of Wonders | 3 | |
| Chimaera Roost | 2 | |
63 total
» build order
00:08 Altar of Elders
00:19 Moon Well
01:23 Moon Well
03:16 Moon Well
03:54 Moon Well
03:55 Moon Well
03:58 Moon Well
04:21 Moon Well
05:24 Tree of Ages
09:42 Tree of Life
10:20 Tree of Eternity
12:51 Tree of Life
13:24 Hunter's Hall
16:06 Tree of Life
16:16 Tree of Life
17:43 Moon Well
17:44 Moon Well
17:45 Moon Well
18:01 Ancient of War
18:49 Moon Well
18:52 Moon Well
18:53 Moon Well
19:16 Moon Well
19:17 Moon Well
19:18 Moon Well
19:20 Moon Well
20:59 Ancient of Wind
21:01 Ancient of Wind
22:30 Tree of Life
24:02 Ancient of Wind
26:11 Tree of Life
27:21 Tree of Life
27:26 Tree of Life
28:05 Ancient of Wind
29:49 Tree of Life
31:17 Ancient of Wonders
31:18 Ancient of Wonders
36:34 Tree of Life
39:06 Tree of Life
40:07 Tree of Life
41:46 Ancient of Wind
41:51 Ancient of Wind
44:30 Moon Well
44:34 Moon Well
44:35 Moon Well
46:16 Moon Well
46:17 Moon Well
46:19 Moon Well
46:35 Moon Well
46:39 Moon Well
48:46 Tree of Life
57:57 Ancient of Wonders
77:52 Tree of Ages
79:02 Altar of Elders
80:37 Tree of Eternity
81:35 Moon Well
81:36 Moon Well
118:36 Chimaera Roost
118:38 Chimaera Roost
118:42 Moon Well
120:31 Moon Well
120:32 Moon Well
» items
| Scroll of Regeneration | 1 | |
| Healing Salve | 3 | |
| Scroll of Town Portal | 6 | |
| Orb of Lightning | 1 | |
| Tiny Great Hall | 1 | |
| Potion of Healing | 2 | |
| Staff of Preservation | 3 | |
| Orb of Venom | 3 | |
20 total
nutsonyochin.de (
teal | 59 APM | 8132 actions | 138:35)
5 Archmage
3 Blizzard
2 Brilliance Aura
5 Pit Lord
3 Rain of Fire
2 Howl of Terror
» actions
| Assign group hotkey | 33 | |
| Basic commands | 81 | |
| Build / train | 208 | |
| ESC pressed | 26 | |
| Enter build submenu | 221 | |
| Enter hero's abilities submenu | 10 | |
| Give item / drop item | 4 | |
| Right click | 4033 | |
| Select / deselect | 802 | |
| Select group hotkey | 1710 | |
| Use ability | 997 | |
8132 total
» units
| Peasant | 25 | |
| Dragonhawk Rider | 30 | |
55 total
» upgrades
| Masonry | 3 | |
| Armor | 3 | |
| Swords | 2 | |
| Lumber Harvesting | 2 | |
| Magic Sentry | 1 | |
| Priest Training | 2 | |
| Animal War Training | 1 | |
| Cloud | 1 | |
15 total
» buildings
| Altar of Kings | 3 | |
| Lumber Mill | 5 | |
| Farm | 63 | |
| Scout Tower | 287 | |
| Arcane Tower | 10 | |
| Guard Tower | 103 | |
| Blacksmith | 1 | |
| Arcane Vault | 4 | |
| Town Hall | 3 | |
| Keep | 3 | |
| Barracks | 1 | |
| Arcane Sanctum | 1 | |
| Gryphon Aviary | 6 | |
| Castle | 2 | |
492 total
» build order
00:07 Altar of Kings
00:16 Lumber Mill
00:31 Farm
00:33 Farm
01:11 Scout Tower
01:15 Scout Tower
01:23 Scout Tower
01:40 Arcane Tower
01:41 Scout Tower
01:53 Scout Tower
02:02 Arcane Tower
02:03 Scout Tower
02:06 Arcane Tower
02:07 Arcane Tower
02:18 Guard Tower
02:19 Scout Tower
02:21 Guard Tower
02:22 Scout Tower
02:32 Scout Tower
02:42 Guard Tower
03:08 Guard Tower
03:09 Scout Tower
03:10 Scout Tower
03:12 Scout Tower
03:13 Scout Tower
03:14 Guard Tower
03:30 Guard Tower
03:32 Scout Tower
03:34 Scout Tower
03:39 Guard Tower
03:44 Blacksmith
03:51 Arcane Vault
03:52 Guard Tower
03:53 Scout Tower
04:05 Scout Tower
04:07 Scout Tower
04:08 Guard Tower
04:15 Scout Tower
04:16 Scout Tower
04:17 Scout Tower
04:18 Guard Tower
04:28 Guard Tower
04:34 Guard Tower
04:46 Guard Tower
05:06 Scout Tower
05:07 Scout Tower
05:08 Scout Tower
05:08 Scout Tower
05:19 Scout Tower
05:21 Scout Tower
05:22 Scout Tower
05:25 Guard Tower
05:27 Scout Tower
05:32 Guard Tower
05:51 Guard Tower
05:53 Scout Tower
05:59 Scout Tower
06:17 Farm
06:20 Town Hall
06:29 Guard Tower
06:39 Scout Tower
06:40 Scout Tower
06:41 Guard Tower
06:44 Guard Tower
06:46 Scout Tower
06:47 Scout Tower
06:47 Scout Tower
06:52 Scout Tower
06:53 Scout Tower
06:58 Guard Tower
06:59 Scout Tower
07:00 Scout Tower
07:02 Scout Tower
07:02 Scout Tower
07:09 Scout Tower
07:10 Scout Tower
07:10 Scout Tower
07:11 Scout Tower
07:11 Scout Tower
07:12 Scout Tower
07:39 Guard Tower
07:41 Guard Tower
07:42 Scout Tower
07:43 Scout Tower
07:49 Scout Tower
07:49 Scout Tower
07:50 Scout Tower
07:51 Scout Tower
07:54 Guard Tower
07:56 Scout Tower
07:57 Scout Tower
08:08 Guard Tower
08:13 Scout Tower
08:14 Scout Tower
08:26 Guard Tower
08:34 Guard Tower
08:44 Scout Tower
09:00 Scout Tower
09:10 Guard Tower
09:14 Scout Tower
09:15 Scout Tower
09:15 Scout Tower
09:15 Scout Tower
09:19 Guard Tower
09:25 Guard Tower
09:27 Scout Tower
09:28 Scout Tower
09:29 Scout Tower
09:29 Scout Tower
09:32 Guard Tower
09:34 Scout Tower
09:35 Scout Tower
09:40 Scout Tower
09:45 Guard Tower
09:47 Guard Tower
09:50 Scout Tower
09:51 Scout Tower
09:55 Scout Tower
09:55 Scout Tower
09:59 Keep
10:05 Guard Tower
10:11 Guard Tower
10:16 Scout Tower
10:16 Scout Tower
10:19 Guard Tower
10:28 Scout Tower
10:29 Scout Tower
10:29 Scout Tower
10:30 Scout Tower
10:31 Scout Tower
10:31 Scout Tower
10:35 Guard Tower
10:38 Scout Tower
10:38 Scout Tower
10:51 Guard Tower
10:53 Barracks
11:10 Guard Tower
11:13 Guard Tower
11:15 Guard Tower
11:30 Guard Tower
11:40 Scout Tower
11:49 Guard Tower
12:00 Guard Tower
12:15 Guard Tower
12:20 Scout Tower
12:21 Guard Tower
12:26 Guard Tower
12:41 Scout Tower
12:55 Scout Tower
12:56 Scout Tower
12:56 Scout Tower
12:58 Guard Tower
13:00 Arcane Sanctum
13:19 Guard Tower
13:20 Scout Tower
13:21 Scout Tower
13:24 Scout Tower
13:25 Scout Tower
13:26 Scout Tower
13:27 Scout Tower
13:28 Scout Tower
13:30 Guard Tower
13:33 Guard Tower
13:44 Gryphon Aviary
13:45 Gryphon Aviary
13:48 Gryphon Aviary
13:49 Farm
13:50 Farm
13:50 Farm
13:51 Farm
13:52 Farm
13:52 Farm
14:31 Guard Tower
14:36 Castle
14:55 Guard Tower
15:08 Scout Tower
15:10 Scout Tower
15:11 Scout Tower
15:12 Scout Tower
15:12 Scout Tower
15:13 Scout Tower
15:20 Guard Tower
15:22 Scout Tower
15:23 Scout Tower
15:26 Scout Tower
15:27 Scout Tower
15:28 Scout Tower
15:30 Scout Tower
15:30 Scout Tower
15:31 Scout Tower
15:32 Scout Tower
15:53 Guard Tower
15:56 Guard Tower
15:59 Scout Tower
16:00 Scout Tower
16:01 Scout Tower
16:02 Scout Tower
16:33 Guard Tower
17:34 Scout Tower
17:35 Scout Tower
17:36 Scout Tower
17:36 Scout Tower
17:38 Scout Tower
17:38 Scout Tower
17:39 Scout Tower
17:40 Scout Tower
17:43 Guard Tower
17:49 Scout Tower
17:50 Scout Tower
17:51 Scout Tower
17:52 Scout Tower
17:53 Scout Tower
17:53 Scout Tower
18:25 Guard Tower
18:27 Guard Tower
18:47 Scout Tower
18:48 Scout Tower
18:48 Scout Tower
18:49 Scout Tower
18:50 Scout Tower
18:50 Scout Tower
19:28 Scout Tower
19:28 Scout Tower
19:29 Scout Tower
19:29 Scout Tower
19:33 Guard Tower
19:43 Guard Tower
19:45 Scout Tower
19:45 Scout Tower
19:46 Scout Tower
19:47 Scout Tower
19:47 Scout Tower
19:56 Guard Tower
19:59 Scout Tower
20:00 Scout Tower
20:01 Scout Tower
20:03 Scout Tower
20:16 Lumber Mill
20:21 Guard Tower
20:27 Guard Tower
20:28 Scout Tower
20:29 Scout Tower
20:29 Scout Tower
20:30 Scout Tower
20:30 Scout Tower
20:41 Lumber Mill
20:43 Scout Tower
20:45 Scout Tower
20:46 Scout Tower
20:46 Scout Tower
20:47 Scout Tower
20:48 Scout Tower
21:05 Scout Tower
21:06 Scout Tower
21:06 Scout Tower
21:07 Scout Tower
21:08 Guard Tower
21:26 Guard Tower
21:35 Scout Tower
21:36 Scout Tower
21:36 Scout Tower
21:37 Scout Tower
21:39 Scout Tower
21:48 Guard Tower
21:56 Scout Tower
21:57 Scout Tower
21:58 Scout Tower
21:59 Scout Tower
22:07 Guard Tower
22:34 Gryphon Aviary
22:39 Guard Tower
22:58 Arcane Vault
23:02 Guard Tower
23:05 Scout Tower
23:05 Scout Tower
23:27 Guard Tower
23:30 Scout Tower
23:30 Scout Tower
23:31 Scout Tower
23:37 Guard Tower
23:46 Farm
23:47 Farm
23:48 Farm
23:48 Farm
23:50 Farm
23:51 Farm
23:51 Farm
23:52 Farm
24:12 Guard Tower
24:26 Guard Tower
24:48 Scout Tower
24:49 Scout Tower
24:51 Scout Tower
24:52 Scout Tower
24:53 Scout Tower
24:53 Scout Tower
24:54 Scout Tower
24:55 Scout Tower
24:55 Scout Tower
24:57 Scout Tower
24:57 Scout Tower
24:58 Scout Tower
24:59 Scout Tower
24:59 Scout Tower
25:00 Scout Tower
25:01 Scout Tower
25:02 Scout Tower
25:03 Scout Tower
25:04 Scout Tower
25:05 Scout Tower
25:05 Scout Tower
25:07 Scout Tower
25:08 Scout Tower
25:13 Guard Tower
25:15 Farm
25:15 Farm
25:16 Farm
25:41 Scout Tower
25:42 Scout Tower
25:43 Scout Tower
25:43 Scout Tower
25:50 Guard Tower
26:59 Scout Tower
27:00 Scout Tower
27:01 Scout Tower
27:01 Scout Tower
27:01 Scout Tower
27:02 Scout Tower
27:03 Scout Tower
27:03 Scout Tower
27:04 Scout Tower
27:04 Scout Tower
27:05 Scout Tower
27:05 Scout Tower
27:27 Scout Tower
27:28 Scout Tower
27:29 Scout Tower
27:29 Scout Tower
27:30 Scout Tower
27:30 Scout Tower
27:36 Farm
27:36 Farm
27:37 Farm
27:39 Farm
27:40 Farm
27:41 Farm
27:42 Farm
27:58 Guard Tower
28:07 Guard Tower
28:08 Guard Tower
28:51 Guard Tower
28:56 Arcane Vault
28:59 Farm
29:00 Farm
30:04 Guard Tower
30:41 Guard Tower
33:02 Farm
38:11 Scout Tower
38:12 Scout Tower
38:29 Scout Tower
38:30 Scout Tower
38:31 Scout Tower
38:33 Scout Tower
38:47 Guard Tower
39:04 Scout Tower
39:05 Scout Tower
39:06 Scout Tower
39:07 Scout Tower
39:43 Guard Tower
40:37 Guard Tower
40:39 Scout Tower
40:40 Scout Tower
41:12 Guard Tower
42:09 Scout Tower
42:37 Guard Tower
42:56 Scout Tower
42:57 Scout Tower
43:26 Guard Tower
43:28 Scout Tower
43:29 Scout Tower
43:30 Scout Tower
43:30 Scout Tower
43:32 Guard Tower
44:01 Guard Tower
44:04 Scout Tower
44:04 Scout Tower
44:06 Scout Tower
44:07 Scout Tower
44:08 Scout Tower
44:09 Scout Tower
44:10 Scout Tower
44:11 Scout Tower
44:11 Scout Tower
44:15 Scout Tower
44:27 Scout Tower
44:28 Scout Tower
44:29 Scout Tower
44:55 Guard Tower
45:29 Guard Tower
46:40 Guard Tower
47:34 Guard Tower
47:40 Lumber Mill
48:02 Guard Tower
48:15 Lumber Mill
49:22 Scout Tower
49:23 Scout Tower
49:28 Scout Tower
49:29 Scout Tower
49:31 Scout Tower
49:32 Scout Tower
49:32 Scout Tower
50:17 Guard Tower
50:38 Guard Tower
51:16 Guard Tower
51:43 Guard Tower
51:53 Guard Tower
62:57 Scout Tower
63:37 Arcane Tower
76:00 Scout Tower
76:01 Scout Tower
76:02 Scout Tower
76:05 Scout Tower
76:06 Scout Tower
76:07 Scout Tower
76:08 Scout Tower
76:09 Scout Tower
76:10 Scout Tower
76:11 Scout Tower
76:12 Scout Tower
76:13 Scout Tower
76:13 Scout Tower
77:38 Arcane Tower
77:42 Scout Tower
77:45 Scout Tower
77:48 Scout Tower
78:06 Scout Tower
78:07 Scout Tower
78:08 Scout Tower
78:09 Scout Tower
78:10 Scout Tower
78:14 Arcane Tower
78:18 Scout Tower
78:19 Scout Tower
78:35 Arcane Tower
78:57 Arcane Tower
79:00 Guard Tower
79:23 Arcane Tower
79:29 Guard Tower
80:36 Guard Tower
80:53 Farm
81:00 Farm
81:03 Farm
116:34 Town Hall
116:48 Town Hall
119:27 Altar of Kings
119:53 Keep
119:53 Keep
121:08 Altar of Kings
121:12 Farm
121:13 Farm
121:14 Farm
121:16 Farm
121:19 Farm
121:21 Farm
121:31 Farm
121:32 Farm
121:32 Farm
121:33 Farm
121:35 Farm
121:36 Farm
121:39 Farm
123:13 Castle
123:28 Farm
123:34 Arcane Vault
123:40 Farm
123:47 Gryphon Aviary
123:50 Farm
123:52 Farm
123:54 Farm
125:57 Farm
125:59 Farm
126:00 Farm
127:32 Farm
127:33 Farm
127:44 Gryphon Aviary
127:54 Farm
127:57 Farm
127:59 Farm
128:06 Farm
128:07 Farm
128:09 Farm
128:10 Farm
» items
| Scroll of Regeneration | 1 | |
| Staff of Sanctuary | 1 | |
| Potion of Healing | 1 | |
| Orb of Lightning | 2 | |
| Scroll of Town Portal | 2 | |
7 total
team 2 (loser)
AnnyungHaseyo (
blue | 47 APM | 6525 actions | 138:35)
6 Far Seer
3 Feral Spirit
2 Chain Lighting
1 Earth Quake
8 Tauren Chieftain
3 Shockwave
3 Endurance Aura
1 Reincarnation
1 War Stomp
» actions
| Assign group hotkey | 417 | |
| Basic commands | 214 | |
| Build / train | 217 | |
| Enter build submenu | 61 | |
| Enter hero's abilities submenu | 14 | |
| Give item / drop item | 1 | |
| Remove unit from queue | 2 | |
| Right click | 2450 | |
| Select / deselect | 1572 | |
| Select group hotkey | 1120 | |
| Use ability | 457 | |
6525 total
» units
| Peon | 27 | |
| Grunt | 6 | |
| Kodo Beast | 1 | |
| Tauren | 2 | |
| Demolisher | 25 | |
| Shaman | 7 | |
| Troll Witch Doctor | 12 | |
| Raider | 10 | |
| Troll Batrider | 45 | |
| Wind Rider | 8 | |
| Chimaera | 3 | |
146 total
» upgrades
| Berserker Strength | 1 | |
| Armor | 3 | |
| Shaman Training | 2 | |
| Pulverize | 1 | |
| Burning Oil | 1 | |
| Ranged Weapons | 3 | |
| Spiked Barricades | 3 | |
| Witch Doctor Training | 2 | |
| Ensnare | 1 | |
| Melee Weapons | 1 | |
| Reinforced Defenses | 1 | |
| Liquid Fire | 1 | |
| Envenomed Spears | 1 | |
| Pillage | 1 | |
| Nature's Blessing | 1 | |
23 total
» buildings
| Altar of Storms | 1 | |
| Orc Burrow | 10 | |
| Barracks | 2 | |
| Voodoo Lounge | 2 | |
| Stronghold | 1 | |
| Fortress | 1 | |
| Beastiary | 3 | |
| War Mill | 1 | |
| Spirit Lodge | 1 | |
| Tauren Totem | 2 | |
| Great Hall | 4 | |
| Watch Tower | 28 | |
| Nerubian Tower | 2 | |
58 total
» build order
00:10 Altar of Storms
00:14 Orc Burrow
01:00 Barracks
01:41 Orc Burrow
02:03 Voodoo Lounge
03:35 Stronghold
04:52 Orc Burrow
04:58 Barracks
06:15 Fortress
07:05 Beastiary
07:07 Orc Burrow
08:18 War Mill
09:26 Spirit Lodge
10:10 Orc Burrow
10:18 Tauren Totem
10:21 Tauren Totem
11:40 Orc Burrow
12:00 Orc Burrow
12:03 Orc Burrow
24:40 Great Hall
25:55 Great Hall
27:22 Watch Tower
31:33 Watch Tower
31:55 Great Hall
32:40 Watch Tower
32:43 Watch Tower
32:44 Watch Tower
32:45 Watch Tower
32:46 Watch Tower
38:03 Voodoo Lounge
38:57 Watch Tower
39:09 Watch Tower
41:11 Great Hall
41:14 Watch Tower
41:36 Watch Tower
67:14 Watch Tower
67:53 Orc Burrow
67:58 Watch Tower
68:13 Watch Tower
68:36 Watch Tower
69:05 Watch Tower
70:04 Watch Tower
70:56 Watch Tower
71:02 Orc Burrow
71:06 Watch Tower
71:08 Watch Tower
71:12 Watch Tower
71:23 Beastiary
72:00 Watch Tower
72:04 Watch Tower
72:11 Watch Tower
72:14 Watch Tower
72:21 Watch Tower
73:56 Beastiary
77:16 Watch Tower
77:21 Watch Tower
127:39 Nerubian Tower
128:27 Nerubian Tower
» items
| Healing Salve | 2 | |
| Lesser Clarity Potion | 1 | |
| Scroll of Speed | 2 | |
| Potion of Healing | 6 | |
| Orb of Corruption | 1 | |
| Dust of Appearance | 2 | |
| Scroll of Healing | 1 | |
| Potion of Mana | 4 | |
| Orb of Lightning | 2 | |
| Scroll of Town Portal | 4 | |
25 total
sivers_94 (
purple | 61 APM | 6498 actions | 105:49)
9 Death Knight
3 Death Coil
3 Unholy Aura
1 Animate Dead
2 Death Pact
8 Crypt Lord
3 Impale
3 Spiked Carapace
1 Locust Swarm
1 Carrion Beetles
2 Lich
1 Frost Nova
1 Frost Armor
» actions
| Assign group hotkey | 90 | |
| Basic commands | 668 | |
| Build / train | 131 | |
| ESC pressed | 22 | |
| Enter build submenu | 31 | |
| Enter hero's abilities submenu | 20 | |
| Give item / drop item | 5 | |
| Remove unit from queue | 1 | |
| Right click | 2211 | |
| Select / deselect | 1128 | |
| Select group hotkey | 1990 | |
| Use ability | 201 | |
6498 total
» units
| Acolyte | 14 | |
| Ghoul | 6 | |
| Crypt Fiend | 30 | |
| Obsidian Statue | 15 | |
| Abomination | 4 | |
| Meatwagon | 8 | |
| Gargoyle | 5 | |
| Frost Wyrm | 1 | |
83 total
» upgrades
| Creature Attack | 3 | |
| Unholy Strength | 0 | |
| Web | 1 | |
| Destroyer Form | 1 | |
| Creature Carapace | 2 | |
7 total
» buildings
| Graveyard | 1 | |
| Crypt | 1 | |
| Ziggurat | 9 | |
| Altar of Darkness | 1 | |
| Tomb of Relics | 1 | |
| Nerubian Tower | 1 | |
| Halls of the Dead | 1 | |
| Slaughterhouse | 2 | |
| Black Citadel | 1 | |
| Spirit Tower | 1 | |
| Sacrificial Pit | 1 | |
| Boneyard | 1 | |
21 total
» build order
00:06 Graveyard
00:18 Crypt
00:31 Ziggurat
00:48 Altar of Darkness
01:55 Tomb of Relics
02:04 Ziggurat
02:29 Ziggurat
03:17 Nerubian Tower
05:24 Halls of the Dead
05:56 Ziggurat
08:17 Slaughterhouse
08:19 Slaughterhouse
08:47 Ziggurat
09:05 Black Citadel
10:11 Ziggurat
14:22 Ziggurat
14:24 Ziggurat
19:16 Ziggurat
34:04 Spirit Tower
89:51 Sacrificial Pit
90:44 Boneyard
» items
| Dust of Appearance | 2 | |
| Rod of Necromancy | 1 | |
| Healing Salve | 1 | |
| Scroll of Speed | 1 | |
| Lesser Clarity Potion | 1 | |
| Scroll of Healing | 1 | |
| Potion of Healing | 2 | |
9 total
Toryus (
red | 21 APM | 2109 actions | 102:06)
9 Demon Hunter
3 Immolation
3 Evasion
1 Metamorphosis
2 Mana Burn
» actions
| Assign group hotkey | 14 | |
| Basic commands | 32 | |
| Build / train | 119 | |
| Enter build submenu | 37 | |
| Enter hero's abilities submenu | 9 | |
| Give item / drop item | 4 | |
| Right click | 1042 | |
| Select / deselect | 657 | |
| Select group hotkey | 116 | |
| Use ability | 79 | |
2109 total
» units
| Wisp | 42 | |
| Archer | 9 | |
| Dryad | 9 | |
| Mountain Giant | 4 | |
| Glaive Thrower | 8 | |
| Chimaera | 5 | |
| Hippogryph | 7 | |
84 total
» upgrades
| Strength of the Moon | 3 | |
| Improved Bows | 1 | |
| Strength of the Wild | 3 | |
| Reinforced Hides | 3 | |
| Abolish Magic | 1 | |
| Marksmanship | 1 | |
| Hardened Skin | 1 | |
| Resistant Skin | 1 | |
| Well Spring | 1 | |
| Ultravision | 1 | |
| Vorpal Blades | 1 | |
| Corrosive Breath | 1 | |
18 total
» buildings
| Altar of Elders | 1 | |
| Moon Well | 10 | |
| Ancient of War | 2 | |
| Tree of Ages | 2 | |
| Hunter's Hall | 1 | |
| Ancient of Lore | 2 | |
| Ancient of Wonders | 1 | |
| Tree of Life | 9 | |
| Tree of Eternity | 2 | |
| Ancient of Wind | 2 | |
| Chimaera Roost | 4 | |
36 total
» build order
00:09 Altar of Elders
00:23 Moon Well
00:39 Ancient of War
01:22 Moon Well
02:36 Moon Well
03:44 Moon Well
05:09 Tree of Ages
05:35 Moon Well
05:51 Hunter's Hall
07:43 Ancient of Lore
07:47 Ancient of Lore
07:56 Moon Well
08:27 Ancient of Wonders
08:34 Tree of Life
10:04 Moon Well
11:02 Moon Well
12:34 Tree of Eternity
14:41 Moon Well
15:05 Moon Well
25:00 Ancient of War
28:15 Tree of Life
36:21 Tree of Life
37:42 Tree of Life
39:19 Tree of Life
40:01 Tree of Life
51:29 Tree of Life
65:28 Tree of Life
65:36 Tree of Life
79:05 Tree of Ages
81:30 Tree of Eternity
81:33 Ancient of Wind
83:53 Chimaera Roost
83:56 Chimaera Roost
83:59 Chimaera Roost
84:05 Chimaera Roost
90:42 Ancient of Wind
» items
Chat log
(00:05 / Allies) BeinJonMatheson: 100 Gs
(00:16 / Allies) M.ata: i zay bazes
(00:17 / Allies) nutsonyochin.de: mata
(00:19 / Allies) nutsonyochin.de: ok
(00:44 / Allies) M.ata: can you towercreep mebbe
(00:57 / Allies) BeinJonMatheson: i'll get dis the
(01:00 / Allies) BeinJonMatheson: n
(01:06 / Allies) M.ata: yawn zore
(01:23 / All) BeinJonMatheson: Currently Listening to: BT - The Force of Gravity
(01:29 / All) AnnyungHaseyo: ta gueule
(01:31 / All) AnnyungHaseyo: merci
(01:36 / All) nutsonyochin.de: merci my dick.
(01:36 / Allies) M.ata: currently listening to timg bein a noob on vent
(01:42 / All) AnnyungHaseyo: lol
(01:44 / Allies) BeinJonMatheson: i got it turned down just enough
(01:45 / Allies) nutsonyochin.de: habvent said a thing
(01:46 / Allies) nutsonyochin.de: feed noob
(01:47 / Allies) nutsonyochin.de: fuck
(01:47 / Allies) nutsonyochin.de: you
(01:48 / Allies) BeinJonMatheson: so i can hear both the music and tim
(01:48 / All) AnnyungHaseyo: Kartoffelnficker
(01:49 / Allies) nutsonyochin.de: feed
(02:02 / All) BeinJonMatheson: lol r u guys from germany or something? owned u guys in ww2 ;)
(02:09 / Allies) nutsonyochin.de: lukmbo
(02:12 / All) AnnyungHaseyo: lol
(02:26 / All) Toryus: are you from france ?
(02:31 / All) BeinJonMatheson: USA USA
(02:39 / Allies) nutsonyochin.de: are you from a place that feeds lumber.
(02:46 / Allies) M.ata: im from a busy place
(03:06 / Allies) M.ata: thanks for the blocksies
(03:10 / Allies) M.ata: gotta
(03:12 / Allies) M.ata: heal
(03:30 / Allies) M.ata: you lucker he noob
(03:35 / Allies) BeinJonMatheson: ME??
(03:38 / Allies) BeinJonMatheson: my namea blinn
(03:39 / Allies) M.ata: nah timble
(03:50 / Allies) BeinJonMatheson: some lum
(03:52 / Allies) BeinJonMatheson: would be loveable
(04:07 / Allies) BeinJonMatheson: thank u sir..
(04:39 / Allies) nutsonyochin.de: sources damn
(04:42 / Allies) M.ata: orkyshop at my base
(04:49 / Allies) BeinJonMatheson: is that an orer
(04:51 / Allies) BeinJonMatheson: or a request
(04:55 / Allies) M.ata: idc
(05:15 / Allies) M.ata: is that ownage
(05:23 / Allies) BeinJonMatheson: is it?
(05:28 / Allies) M.ata: dunno, depends on if dk died
(05:50 / Allies) BeinJonMatheson: nice save..
(06:04 / Allies) nutsonyochin.de: lum
(06:42 / Allies) M.ata: ya work it
(07:04 / Allies) M.ata: some towers yonder too
(07:14 / Allies) M.ata: ya dusted
(07:32 / Allies) nutsonyochin.de: need lumbo
(07:34 / All) AnnyungHaseyo: !
(07:50 / Allies) BeinJonMatheson: got item but not kill
(07:58 / Allies) M.ata: god fag
(08:02 / Allies) BeinJonMatheson: sorry :(
(08:03 / Allies) nutsonyochin.de: liste im making 1000 towers all game just wood me
(08:05 / Allies) M.ata: stop backstabing my moonwells
(08:14 / Allies) BeinJonMatheson: oh oops hahaha
(08:30 / All) AnnyungHaseyo: lol
(08:46 / Allies) nutsonyochin.de: lum
(08:54 / Allies) BeinJonMatheson: i creepjacked an ankh then lost it to creeps
(09:06 / Allies) BeinJonMatheson: almost poetic..
(09:25 / Allies) M.ata: place towers strategically
(09:31 / Allies) M.ata: not too many if we going up
(09:43 / Allies) BeinJonMatheson: checkin mid
(09:49 / Allies) M.ata: get it
(09:56 / Allies) M.ata: swigggg
(10:08 / Allies) BeinJonMatheson: dk died did oyu see
(10:09 / Allies) BeinJonMatheson: i was like ahah
(10:09 / Allies) M.ata: i want that damn ne to trihero so we can go up topside
(10:10 / Allies) M.ata: safely
(10:32 / Allies) BeinJonMatheson: i got too much
(11:10 / Allies) BeinJonMatheson: i'm going nerd...
(11:15 / Allies) M.ata: ok good item there
(11:18 / Allies) nutsonyochin.de: lum
(11:18 / Allies) M.ata: is the sorcer
(11:26 / Allies) BeinJonMatheson: damn drums
(11:27 / Allies) M.ata: wardrums
(11:28 / Allies) BeinJonMatheson: missed em
(11:32 / Allies) BeinJonMatheson: nerd MG got in way
(12:27 / Allies) nutsonyochin.de: wood
(13:00 / Allies) M.ata: i see
(13:07 / Allies) M.ata: quite the greeder
(13:08 / Allies) nutsonyochin.de: grats on being big noob
(13:09 / Allies) BeinJonMatheson: well
(13:13 / Allies) BeinJonMatheson: he didn't have web 10 sec ago
(13:26 / Allies) BeinJonMatheson: i knew i had to TP but tried to make it worthwhile
(13:31 / Allies) M.ata: does ne still have singlehero?
(13:35 / Allies) nutsonyochin.de: wood
(14:35 / Allies) M.ata: i got two 9claws for blade
(14:36 / Allies) M.ata: if you want
(14:37 / Allies) BeinJonMatheson: wow
(14:40 / Allies) BeinJonMatheson: 15, 3x 9
(14:43 / Allies) BeinJonMatheson: that'll be ownage
(14:58 / Allies) M.ata: i'll be there in a sec
(15:03 / Allies) M.ata: checfk a jacket
(15:04 / Allies) nutsonyochin.de: yeah
(15:05 / Allies) nutsonyochin.de: sending
(15:16 / Allies) BeinJonMatheson: cd
(15:25 / Allies) BeinJonMatheson: oh shit
(15:27 / Allies) M.ata: damn;
(15:36 / Allies) nutsonyochin.de: woprl ot
(15:46 / Allies) nutsonyochin.de: make tree eat through
(15:46 / Allies) BeinJonMatheson: lotta siege inc
(15:54 / Allies) M.ata: eat through where?
(16:00 / Allies) M.ata: ok
(16:08 / Allies) nutsonyochin.de: thanks
(16:13 / Allies) nutsonyochin.de: bring em right to unupgraded tower
(16:23 / Allies) M.ata: maybe you should upgrade em
(16:33 / Allies) M.ata: blade does good damage but ditch the sentry wards
(16:52 / Allies) nutsonyochin.de: ty
(16:55 / Allies) nutsonyochin.de: now we cant expand there
(17:00 / Allies) BeinJonMatheson: arhggh
(17:01 / Allies) M.ata: tower it noob
(17:15 / Allies) BeinJonMatheson: noob undead web from 2 miles away
(17:24 / Allies) nutsonyochin.de: ahhh the no moon well strategy, a good one
(17:39 / Allies) M.ata: complements the no tower strat well
(18:46 / Allies) M.ata: make some towers for once please
(18:48 / Allies) M.ata: in your base maybe
(18:57 / Allies) M.ata: workers out etc
(19:04 / Allies) nutsonyochin.de: creep
(19:05 / Allies) nutsonyochin.de: please
(19:07 / Allies) nutsonyochin.de: we dont need help
(19:12 / Allies) M.ata: ¨i am creeping
(19:19 / Allies) nutsonyochin.de: yes
(19:21 / Allies) nutsonyochin.de: and we lose, ty
(19:28 / Allies) M.ata: then why did you say you dont need help
(19:35 / Allies) nutsonyochin.de: its pretty obv we do
(19:40 / Allies) M.ata: not really
(19:50 / Allies) nutsonyochin.de: send repair wisp please
(20:10 / Allies) nutsonyochin.de: eat
(20:17 / Allies) M.ata: tol sent
(20:40 / Allies) M.ata: well not much to do there
(20:54 / Allies) M.ata: forty ups;
(21:11 / Allies) BeinJonMatheson: argh fuck
(21:17 / Allies) M.ata: ok coming up
(21:36 / Allies) BeinJonMatheson: ud is the most bullshit race this game has ever seen
(21:46 / Allies) nutsonyochin.de: no bats thanks.
(22:15 / Allies) BeinJonMatheson: yo talk to mata about no units at all
(22:20 / Allies) M.ata: deport tech
(22:48 / Allies) nutsonyochin.de: why did you make wyv
(22:51 / Allies) nutsonyochin.de: and why did you suicide them
(23:06 / Allies) BeinJonMatheson: felt like losing obv.
(23:38 / Allies) M.ata: we doing bot mountain then
(23:43 / Allies) M.ata: cause they can follow us up
(23:43 / Allies) nutsonyochin.de: yes
(24:08 / Allies) M.ata: some towers mb
(24:31 / Allies) nutsonyochin.de: wood
(25:21 / All) sivers_94: gg
(25:35 / Allies) nutsonyochin.de: please tower your base
(26:00 / Allies) BeinJonMatheson: lum
(26:15 / Allies) nutsonyochin.de: gold me
(26:44 / Allies) M.ata: a shame
(26:48 / Allies) M.ata: get the fs
(27:52 / Allies) BeinJonMatheson: oh fuck
(28:24 / Allies) M.ata: i move hu towers
(28:31 / Allies) M.ata: also coming up to help blinn
(28:55 / Allies) M.ata: not many guys there
(29:06 / Allies) M.ata: just siege and archer
(29:07 / Allies) M.ata: help me out with this
(29:09 / Allies) BeinJonMatheson: going now yes
(29:13 / Allies) BeinJonMatheson: can't be in 10 places at once
(29:15 / Allies) nutsonyochin.de: hitting my old main
(29:19 / Allies) nutsonyochin.de: because he expo ther
(29:59 / Allies) nutsonyochin.de: gold before upk
(30:08 / Allies) M.ata: done
(30:17 / Allies) nutsonyochin.de: only got one aviary
(30:19 / Allies) nutsonyochin.de: this gonna be tough
(30:22 / Allies) M.ata: gonna need you to tower anyway
(30:24 / Allies) nutsonyochin.de: esp. considering tis dead in 2 sec
(30:50 / Allies) nutsonyochin.de: fuck me
(31:08 / Allies) nutsonyochin.de: where is elf shop
(31:21 / Allies) M.ata: there in 2 min
(31:22 / Allies) nutsonyochin.de: the fuck
(31:28 / Allies) nutsonyochin.de: why is full dk at health well
(32:13 / Allies) BeinJonMatheson: POIWWWWW
(32:22 / Allies) M.ata: sees the face of his killer
(32:25 / Allies) M.ata: for 1 nanosecond he knew fear
(32:38 / Allies) nutsonyochin.de: take
(32:43 / Allies) M.ata: i was trying for a whiel
(32:50 / Allies) M.ata: but o k
(32:55 / Allies) BeinJonMatheson: gonna take elf main & altar
(32:59 / Allies) BeinJonMatheson: try kill ressurecting nerd
(33:04 / Allies) M.ata: hurry up
(33:08 / Allies) BeinJonMatheson: nah he musta tav
(33:26 / Allies) nutsonyochin.de: gtfo!!!
(33:29 / Allies) nutsonyochin.de: are you serious
(33:32 / Allies) nutsonyochin.de: blink me up a tp please
(33:33 / Allies) M.ata: lol?
(33:36 / Allies) nutsonyochin.de: wait
(33:36 / Allies) M.ata: okkk
(33:41 / Allies) nutsonyochin.de: no ugh
(33:47 / Allies) nutsonyochin.de: what the heck
(33:49 / Allies) nutsonyochin.de: why that tower
(33:51 / Allies) M.ata: i'll come up in a sec
(34:05 / Allies) nutsonyochin.de: ill just tp up with pit lord
(34:09 / Allies) M.ata: tay
(34:12 / Allies) nutsonyochin.de: lum
(34:31 / Allies) BeinJonMatheson: yeah dh tavressed
(34:43 / Allies) M.ata: damn
(34:47 / Allies) M.ata: forgot about that
(35:11 / Allies) nutsonyochin.de: chop through up there
(35:25 / Allies) M.ata: this is going to fall under siege soon
(35:30 / Allies) M.ata: i feelz it
(35:37 / Allies) BeinJonMatheson: yes
(36:01 / Allies) BeinJonMatheson: should i tp to the mountain
(36:08 / Allies) M.ata: damn
(36:10 / Allies) M.ata: this windtotem is strong..
(36:18 / Allies) nutsonyochin.de: i got your orb blinn
(36:21 / Allies) M.ata: fuck my ass
(36:22 / All) AnnyungHaseyo: bam
(36:33 / Allies) nutsonyochin.de: bruillus running the gntlt
(36:44 / Allies) M.ata: just 2 demos and 1 very very red tc
(36:53 / Allies) BeinJonMatheson: gonna snipe tc
(37:00 / Allies) M.ata: he probably went and healed
(37:01 / Allies) M.ata: nm
(37:06 / Allies) M.ata: oh he leveled 6 off me
(37:08 / Allies) M.ata: great
(37:09 / Allies) nutsonyochin.de: nice
(37:10 / Allies) M.ata: finish him
(37:13 / Allies) BeinJonMatheson: i will try
(37:20 / Allies) M.ata: he has nothing in the way of items or tp
(37:24 / Allies) nutsonyochin.de: putting blade orb down here
(37:27 / Allies) M.ata: and you do mmmmad damage
(37:37 / Allies) M.ata: close
(37:41 / Allies) nutsonyochin.de: got 24 dhawk at least
(37:45 / Allies) nutsonyochin.de: stuck up here though
(37:49 / Allies) M.ata: a waste of gold
(37:51 / Allies) M.ata: a WoG
(38:09 / Allies) M.ata: get 2 staves ifn u wan
(38:12 / Allies) BeinJonMatheson: my base gone like john
(38:20 / Allies) nutsonyochin.de: can warden get me nelf staff
(38:36 / Allies) BeinJonMatheson: at least i got two full mines out
(38:38 / Allies) M.ata: ya mtay
(38:54 / Allies) nutsonyochin.de: ty
(38:57 / Allies) BeinJonMatheson: lvl 9, 404 crit
(39:24 / Allies) nutsonyochin.de: hope i can do it
(39:43 / Allies) M.ata: a lot of gold here
(39:44 / Allies) nutsonyochin.de: lum
(39:45 / Allies) M.ata: can you hold them a while
(39:52 / Allies) nutsonyochin.de: gold everywhere
(40:05 / Allies) nutsonyochin.de: like 35k in those 2 alone
(40:17 / Allies) BeinJonMatheson: seems kinda crazy
(40:21 / Allies) BeinJonMatheson: unless we harass them like nuts
(40:51 / All) AnnyungHaseyo: -_-
(40:52 / Allies) nutsonyochin.de: mak.....
(41:11 / Allies) M.ata: will x it uot
(41:23 / Allies) nutsonyochin.de: blinn doesnt know how to play upper kingdom i guess
(41:27 / Allies) nutsonyochin.de: they can siege up there
(41:27 / Allies) BeinJonMatheson: hmm ?
(41:32 / Allies) nutsonyochin.de: and dont double it up
(41:35 / Allies) M.ata: that is mad siegable but whatever
(41:43 / Allies) BeinJonMatheson: this whole island is siegable
(41:46 / Allies) BeinJonMatheson: don't know why you like it
(41:47 / Allies) nutsonyochin.de: no
(41:48 / Allies) nutsonyochin.de: it isnt
(41:53 / Allies) BeinJonMatheson: practically
(41:57 / Allies) nutsonyochin.de: not realyl
(41:59 / Allies) nutsonyochin.de: maybe 15%
(42:03 / Allies) nutsonyochin.de: orb
(42:12 / Allies) M.ata: get ya orb blinn
(42:17 / Allies) BeinJonMatheson: where
(42:22 / Allies) M.ata: space
(42:24 / Allies) M.ata: prezz it
(42:25 / Allies) BeinJonMatheson: ok
(42:30 / Allies) BeinJonMatheson: calm down please
(43:12 / Allies) M.ata: idk about this
(43:25 / Allies) BeinJonMatheson: idk about this
(43:50 / Allies) M.ata: raider eh...
(43:55 / Allies) BeinJonMatheson: kinda smart
(44:42 / Allies) M.ata: dk
(44:48 / Allies) nutsonyochin.de: leave this wide just how it is
(44:52 / Allies) nutsonyochin.de: cramped perches are the worst perches
(44:55 / Allies) BeinJonMatheson: oh my fucking god
(44:57 / Allies) BeinJonMatheson: that stun was like 10 years
(45:00 / Allies) BeinJonMatheson: i was hitting R so hard
(45:00 / Allies) nutsonyochin.de: why do you suck so much
(45:13 / Allies) nutsonyochin.de: oh well at least you have no army so you can res
(45:17 / Allies) BeinJonMatheson: yes.
(45:18 / Allies) nutsonyochin.de: get to it
(45:19 / Allies) BeinJonMatheson: at least that is true
(45:25 / Allies) BeinJonMatheson: ressing up here
(45:58 / Allies) nutsonyochin.de: sending this tol to mid
(46:42 / Allies) nutsonyochin.de: wood
(46:54 / Allies) M.ata: dont dig too deep
(47:05 / Allies) nutsonyochin.de: watch you hippo plz
(47:14 / Allies) nutsonyochin.de: aaaaaaa
(47:18 / Allies) BeinJonMatheson: haha
(47:28 / Allies) nutsonyochin.de: peon in da way
(47:31 / Allies) nutsonyochin.de: hide them behidn war mill
(47:54 / Allies) nutsonyochin.de: stop trolling please
(47:56 / Allies) nutsonyochin.de: with hippos
(48:20 / Allies) BeinJonMatheson: bit of a WoG up here
(48:22 / Allies) M.ata: i really like this
(48:29 / Allies) BeinJonMatheson: tree intercept
(48:46 / Allies) BeinJonMatheson: crisis averted
(48:49 / Allies) nutsonyochin.de: making another worker
(48:52 / Allies) nutsonyochin.de: and hide him
(49:47 / Allies) nutsonyochin.de: critter
(49:49 / Allies) nutsonyochin.de: beofre its gone
(49:55 / Allies) M.ata: blinn do it
(50:13 / Allies) nutsonyochin.de: dont push the siege down
(50:21 / Allies) BeinJonMatheson: ok
(50:22 / Allies) M.ata: siege cant see anyway
(50:24 / Allies) M.ata: its air we worry bout
(50:34 / Allies) M.ata: wanna save it?
(50:35 / Allies) M.ata: nm you too far
(51:18 / All) AnnyungHaseyo: lol
(51:25 / Allies) M.ata: be advised our shit is warded
(51:31 / All) sivers_94: leave pzl
(51:41 / Allies) BeinJonMatheson: wards all ova
(52:20 / All) AnnyungHaseyo: Lol
(52:38 / Allies) M.ata: i know
(52:42 / Allies) M.ata: might as well waset as much as i can
(52:50 / Allies) nutsonyochin.de: go into upkeep then
(52:53 / Allies) nutsonyochin.de: before you lose tol
(53:11 / Allies) nutsonyochin.de: neat lil trick i did on you peon blinn...
(53:18 / Allies) nutsonyochin.de: have them patrol on eachother and it gets rid of idle icon
(53:20 / Allies) BeinJonMatheson: got him killed?
(53:36 / Allies) BeinJonMatheson: thank u i was aware
(53:57 / Allies) nutsonyochin.de: no tp on blade
(53:59 / Allies) nutsonyochin.de: please dont die
(54:05 / Allies) M.ata: werd
(54:23 / Allies) BeinJonMatheson: where could i get a tp
(54:24 / Allies) BeinJonMatheson: nowhere.
(54:36 / Allies) M.ata: do we want a shop top?
(54:47 / Allies) M.ata: where aowind is now i presume
(55:29 / Allies) M.ata: they gonna be mad happy when they find my toe
(55:34 / Allies) M.ata: my big toe
(55:36 / Allies) nutsonyochin.de: make a shop
(55:39 / Allies) M.ata: in a min
(55:41 / Allies) nutsonyochin.de: so noob blinn can get tp
(55:48 / Allies) M.ata: lol look at him
(55:50 / Allies) M.ata: mirror image noob
(55:57 / Allies) M.ata: sigh
(56:07 / Allies) M.ata: ok that was a nice image, now run
(56:12 / Allies) nutsonyochin.de: lmao
(56:13 / Allies) BeinJonMatheson: alt tabbed
(56:16 / All) AnnyungHaseyo: die
(56:18 / Allies) nutsonyochin.de: you are awful at this game
(56:18 / Allies) BeinJonMatheson: i had alt tabbed
(56:22 / Allies) BeinJonMatheson: seriously i tabbed in with 50 hp
(56:26 / Allies) nutsonyochin.de: "hmm i have no tp let me go afk in middle of the map"
(56:28 / Allies) M.ata: wow
(56:30 / Allies) BeinJonMatheson: wasn't in middle
(56:35 / Allies) BeinJonMatheson: was in a secluded lil creep spot
(56:37 / Allies) M.ata: to alt tab there
(56:41 / Allies) nutsonyochin.de: "let me go afk 50 feet from middle"
(56:51 / Allies) nutsonyochin.de: make altar burrow noob
(57:02 / Allies) nutsonyochin.de: and dont put it in a shitty spot
(57:05 / Allies) nutsonyochin.de: ill kill it if you do
(57:12 / Allies) M.ata: teching to tier 2 so we can get tp
(57:12 / Allies) nutsonyochin.de: you better not think about putting it there
(57:19 / Allies) nutsonyochin.de: you are t3
(57:24 / Allies) M.ata: for a while maybe..
(57:28 / Allies) nutsonyochin.de: so make shop
(57:30 / Allies) nutsonyochin.de: i buy 100 tp
(58:01 / Allies) BeinJonMatheson: honestly u guys.. it just a game
(58:11 / Allies) nutsonyochin.de: says noob blinn
(58:18 / Allies) nutsonyochin.de: yo ill brb dont lose game please
(58:19 / Allies) M.ata: for us its life..
(58:25 / Allies) BeinJonMatheson: you've done that more times than i can count tim
(59:14 / Allies) BeinJonMatheson: hmm i hope my blade doesn't get blocked when he spawns
(59:16 / Allies) M.ata: with timg or something
(59:33 / Allies) BeinJonMatheson: please fill it up
(59:35 / Allies) BeinJonMatheson: nvm i'll do it
(60:14 / Allies) M.ata: fuck ass
(60:35 / All) AnnyungHaseyo: lol
(60:46 / Allies) M.ata: sell that dumb wand a yours
(60:56 / Allies) BeinJonMatheson: and buy what
(61:02 / Allies) M.ata: and take a tp
(61:16 / Allies) BeinJonMatheson: why do i need a tp if i'm up here already
(61:21 / All) sivers_94: all
(61:26 / Allies) M.ata: fine W/e
(61:27 / All) sivers_94: leave plz
(61:58 / Allies) M.ata: ima gonna ween
(62:04 / All) nutsonyochin.de: ahahaha stupid euro trash noob still here??????????????????
(62:13 / Allies) M.ata: hmmm
(62:25 / Allies) M.ata: req observatory
(62:48 / Allies) M.ata: i didnt see them scou tit but i guess they did
(62:55 / Allies) BeinJonMatheson: haha
(62:58 / Allies) M.ata: maphack @@
(62:59 / Allies) BeinJonMatheson: EQ
(63:22 / Allies) M.ata: fuck dat.
(63:23 / Allies) BeinJonMatheson: lol noob mata noob
(63:37 / Allies) M.ata: well
(63:58 / Allies) nutsonyochin.de: worst burrow placement
(63:59 / Allies) nutsonyochin.de: ty
(64:05 / Allies) nutsonyochin.de: remember how i said lets keep it wide
(64:08 / Allies) BeinJonMatheson: i tried to make it the worst imaginable
(64:11 / Allies) nutsonyochin.de: surprised you didnt block it
(64:25 / Allies) BeinJonMatheson: there was nowehre else but o well
(64:32 / Allies) BeinJonMatheson: haha
(64:36 / All) AnnyungHaseyo: lol
(64:44 / Allies) nutsonyochin.de: stop blocking noob
(64:55 / Allies) nutsonyochin.de: its like the 2 of you conspire to backstab me
(65:03 / Allies) BeinJonMatheson: shut up jeez
(65:08 / Allies) nutsonyochin.de: fs
(65:08 / Allies) nutsonyochin.de: fs
(65:08 / Allies) BeinJonMatheson: hahahahahaha
(65:09 / Allies) BeinJonMatheson: hahahahaha
(65:32 / Allies) BeinJonMatheson: that is some funny shit
(65:58 / Allies) M.ata: heh,
(66:04 / Allies) BeinJonMatheson: spirit of ownage
(66:27 / Allies) M.ata: no more bodies in range :T
(66:35 / Allies) M.ata: nm 1 more
(66:53 / Allies) M.ata: well dat was phun
(67:11 / Allies) nutsonyochin.de: 16k
(67:13 / Allies) nutsonyochin.de: 16 big uns
(67:14 / Allies) M.ata: ya V_V
(67:21 / Allies) M.ata: abuot 7 here
(67:25 / Allies) M.ata: and about same
(67:37 / Allies) M.ata: ty god they no have hu
(67:46 / Allies) nutsonyochin.de: yes
(68:17 / Allies) nutsonyochin.de: arcane sentry is having a war
(68:19 / All) M.ata: leave
(68:23 / All) AnnyungHaseyo: lol
(68:27 / Allies) nutsonyochin.de: left is pulsating different rhythym than right
(68:31 / All) AnnyungHaseyo: just waity
(68:39 / Allies) M.ata: its different for everyone
(68:40 / All) nutsonyochin.de: ok im gonna eat some lunch brb
(68:44 / All) AnnyungHaseyo: brb
(68:44 / Allies) nutsonyochin.de: dont die
(68:45 / Allies) nutsonyochin.de: plz
(68:52 / All) AnnyungHaseyo: get some for me too plz
(69:00 / All) AnnyungHaseyo: with peanut butter
(69:11 / All) BeinJonMatheson: i just served u up an ownage sandwich noob
(69:17 / All) AnnyungHaseyo: xD
(69:24 / All) AnnyungHaseyo: wasnt that tasty
(70:18 / Allies) BeinJonMatheson: people how you doin it's a new day dawning, brother, earth mother, it's a brand new morning
(70:50 / Allies) M.ata: you call brothers bros but you dont ever call mothers mos
(70:55 / Allies) M.ata: or maybe dats just me
(70:57 / Allies) BeinJonMatheson: a double standard.
(71:31 / Allies) BeinJonMatheson: hello.
(71:32 / Allies) M.ata: shop's hands arent attached to his body
(71:34 / Allies) M.ata: is he like a golem?
(71:37 / Allies) BeinJonMatheson: is there anybody in there?
(71:41 / Allies) BeinJonMatheson: just nod if you can hear me.
(71:47 / Allies) BeinJonMatheson: is there anyone home?
(72:03 / Allies) BeinJonMatheson: come on now, i hear you're feeling down. i can ease the pain, get you on your feet again
(72:11 / Allies) BeinJonMatheson: relax. i need some information first
(72:24 / Allies) BeinJonMatheson: just the basic facts- can you show me where it hurts?
(72:38 / Allies) BeinJonMatheson: there is no pain, you are receeding. a distant ship's smoke on the horizon
(72:50 / Allies) BeinJonMatheson: you are only coming through in waves. your lips move but i can't hear what you're saying
(72:58 / Allies) M.ata: aaaaaaaaaaaaaa
(73:02 / Allies) M.ata: aiaaaaaaaaiiihhh
(73:03 / Allies) M.ata: have become
(73:06 / Allies) M.ata: comftably num
(73:08 / Allies) BeinJonMatheson: when i was a child, i had a fever. my head felt just like two balloons
(73:14 / Allies) BeinJonMatheson: now i've got that feeling once again
(73:21 / Allies) BeinJonMatheson: i can't explain, you would not understand. this is not how i am
(73:23 / Allies) nutsonyochin.de: io hope they pop
(73:30 / All) nutsonyochin.de: im eating hot dogs dont attack plz
(73:34 / Allies) BeinJonMatheson: I have become comfortably numb
(73:35 / All) AnnyungHaseyo: kk
(73:39 / All) AnnyungHaseyo: tell me when ure rdyu
(73:47 / All) BeinJonMatheson: u guys are 2 busy eating dicks to attack anyway . lol
(73:53 / All) nutsonyochin.de: will be a while they are kind of hot
(74:00 / All) nutsonyochin.de: gonna let them cooldown
(74:08 / All) BeinJonMatheson: whats da cooldown on ur hot dog like
(74:20 / All) nutsonyochin.de: maybe 90 sec idk
(74:30 / All) BeinJonMatheson: imba!! lol needs to be raised ;)
(74:45 / All) nutsonyochin.de: u a france or sumting
(74:55 / All) AnnyungHaseyo: sumting like that y
(75:01 / All) BeinJonMatheson: ANNYUNG HASEEEEEYO
(75:01 / All) nutsonyochin.de: from
(75:12 / All) AnnyungHaseyo: babbo
(75:13 / All) BeinJonMatheson: I LIEK JAPAN & ANIME & CATS
(75:18 / All) AnnyungHaseyo: lol
(75:20 / All) AnnyungHaseyo: its korean
(75:20 / Allies) M.ata: an observatory would be nice
(75:21 / All) AnnyungHaseyo: noob
(75:24 / Allies) BeinJonMatheson: hahha
(75:25 / All) nutsonyochin.de: ahahahahahahahhahahahahahahaha
(75:31 / All) BeinJonMatheson: hahahahah what a fucken nerd... lol
(75:32 / All) nutsonyochin.de: haahahahaha nerd id slap you with my cock
(75:42 / Allies) nutsonyochin.de: where do i put obs
(75:42 / All) BeinJonMatheson: in my hometown of alabama we eat nerds like u for breakfast
(75:46 / All) M.ata: hahahahaha i stuck my dick so far up ur ass that u die
(75:50 / All) AnnyungHaseyo: we are the nerd ? ahah did u see ur tech
(76:02 / All) BeinJonMatheson: nerd france loves korea... come to america we will kick ur ass
(76:10 / All) M.ata: YAYA
(76:11 / All) AnnyungHaseyo: ahah
(76:14 / All) BeinJonMatheson: u a homo son? u a faggot?
(76:17 / Allies) M.ata: dont make all those obs towers or they'll get killed
(76:21 / Allies) nutsonyochin.de: not many games u see the Full Observatory
(76:28 / Allies) M.ata: make the inner 9 obs towers and the left 3 guard
(76:34 / Allies) nutsonyochin.de: fine
(76:35 / Allies) BeinJonMatheson: what defines a full observatory? 4 x 3?
(76:39 / Allies) M.ata: or make another row
(76:40 / Allies) nutsonyochin.de: 12 tow
(76:58 / Allies) M.ata: mmmmad gold
(77:02 / Allies) M.ata: they prob not in upkeep
(77:04 / All) AnnyungHaseyo: careful
(77:06 / Allies) M.ata: this 1 aint goin be easy
(77:09 / Allies) nutsonyochin.de: wood me
(77:17 / All) BeinJonMatheson: what u gonna do? cry about me to ur parents? lol...
(77:17 / Allies) M.ata: should i get a panda?
(77:25 / All) BeinJonMatheson: pathetick.
(77:34 / All) nutsonyochin.de: Mother.........these UpKingNoobs..
(77:40 / All) BeinJonMatheson: UKNs ...
(78:00 / Allies) M.ata: i think i'll get a Panda...
(78:03 / Allies) M.ata: :o))
(78:06 / Allies) M.ata: need ta borrow a stafe tho
(78:09 / Allies) BeinJonMatheson: how's he gettin up? ƒlol
(78:12 / Allies) M.ata: eine staffel
(78:15 / Allies) BeinJonMatheson: oic.
(78:17 / Allies) BeinJonMatheson: staffelhausen.
(78:30 / All) BeinJonMatheson: u done with ur dick yet?? lol
(78:32 / Allies) M.ata: die staffe auf save u nit
(78:43 / All) nutsonyochin.de: my dick is mighteier than a pen......
(78:47 / Allies) M.ata: do y ou need altar to get second hero in tav?
(78:54 / All) nutsonyochin.de: is like a SworD...
(78:58 / All) BeinJonMatheson: my dick > pen > sword.
(79:23 / All) AnnyungHaseyo: I guess considering ur brain, the pen can definitely not be mightier than the sword
(79:26 / Allies) M.ata: orc looks to be in upkd
(79:33 / Allies) nutsonyochin.de: whatdoes that mean.
(79:36 / Allies) M.ata: ne doubtful
(79:46 / Allies) M.ata: ud massing destro still
(79:51 / Allies) M.ata: cant shackle those..
(80:00 / Allies) nutsonyochin.de: would be nice if we had some abt
(80:06 / Allies) nutsonyochin.de: or any orc units at all
(80:10 / Allies) M.ata: we could afford it if we wanted
(80:15 / Allies) M.ata: :o
(80:38 / Allies) nutsonyochin.de: lost my worker
(80:40 / Allies) BeinJonMatheson: dang a brutha foolishly alt tabbed once again.
(80:42 / Allies) M.ata: dang
(80:44 / Allies) M.ata: both?
(80:45 / Allies) M.ata: or 1
(80:49 / Allies) nutsonyochin.de: 1
(80:52 / Allies) M.ata: good
(81:01 / Allies) M.ata: brb
(81:43 / Allies) M.ata: i'll get panda and naga
(81:47 / Allies) M.ata: best aa heroes, agree?
(81:48 / Allies) M.ata: or beast..
(81:58 / Allies) M.ata: or alch..?
(81:59 / Allies) nutsonyochin.de: stop tabbing out blinn
(82:12 / Allies) BeinJonMatheson: that was a fuckin plan
(82:13 / Allies) BeinJonMatheson: u nerd.
(82:27 / Allies) M.ata: ya i get beast and panda
(82:28 / Allies) M.ata: is decided
(82:50 / All) nutsonyochin.de: 20 min
(82:52 / All) nutsonyochin.de: u dead
(82:58 / All) BeinJonMatheson: WOW LOL NOOBS
(83:30 / Allies) M.ata: panda coming to back dat azz up
(83:53 / Allies) BeinJonMatheson: he.he.h.e.
(84:32 / Allies) BeinJonMatheson: hahaha
(84:34 / Allies) BeinJonMatheson: this game rules
(84:49 / Allies) M.ata: move blade illu
(85:07 / Allies) nutsonyochin.de: blinn loves blocking
(85:10 / Allies) nutsonyochin.de: because hes hug enoob
(85:13 / Allies) BeinJonMatheson: i'm killing shit you fag
(85:19 / Allies) nutsonyochin.de: with 100 illusion
(85:19 / Allies) BeinJonMatheson: i'm doing more damage in 10 s than you could do in your lifetime..
(85:43 / Allies) nutsonyochin.de: i fucked ur mom so hard we traveled back in time and i took a shit in ur mouth as u born
(85:47 / Allies) M.ata: mushi & mag almost level 2
(85:56 / Allies) BeinJonMatheson: i think they gave up.
(85:59 / Allies) BeinJonMatheson: nope
(86:00 / Allies) M.ata: dats a hard fuckin alright
(86:15 / All) nutsonyochin.de: how do those 435g mountain giants taste.
(86:20 / Allies) nutsonyochin.de: its 435 right
(86:23 / Allies) M.ata: i think
(86:29 / All) AnnyungHaseyo: awful
(86:29 / Allies) M.ata: or 425 like a hero
(86:55 / Allies) BeinJonMatheson: that AM listening to some bouncy trance
(87:17 / Allies) M.ata: t3 shop if you want anything
(87:38 / Allies) nutsonyochin.de: dats 1 dead raiodr!
(87:46 / Allies) BeinJonMatheson: raiodr.
(87:49 / Allies) BeinJonMatheson: ray o der
(87:55 / Allies) nutsonyochin.de: i had to type fast because big noob blinn blocked
(87:59 / Allies) BeinJonMatheson: hehehh
(88:31 / Allies) BeinJonMatheson: coils us instead of the destro
(88:33 / Allies) BeinJonMatheson: sign of a noob
(88:42 / Allies) M.ata: killed wells
(89:01 / Allies) nutsonyochin.de: is it necessary for mag blockmaul to be in the way
(89:07 / Allies) nutsonyochin.de: can you put him in a corner pease
(89:10 / Allies) M.ata: dang
(89:12 / Allies) M.ata: lot of chim
(89:14 / Allies) M.ata: up norf
(89:19 / Allies) nutsonyochin.de: how many
(89:23 / Allies) M.ata: i'd say more than 12
(89:29 / Allies) M.ata: cant count past 10 u know
(89:34 / Allies) BeinJonMatheson: 10
(89:49 / Allies) nutsonyochin.de: thats 11
(90:01 / Allies) M.ata: backed up by web
(90:04 / Allies) BeinJonMatheson: 1 was obscured by da fog.. da fog of war
(90:10 / Allies) BeinJonMatheson: here we go
(90:12 / Allies) nutsonyochin.de: hes going to have to fly over the mntn
(90:18 / Allies) M.ata: any stun? no
(90:21 / Allies) M.ata: blizz him just
(90:25 / Allies) nutsonyochin.de: ah
(90:27 / Allies) BeinJonMatheson: gbrabrab
(90:28 / Allies) M.ata: or lose obs
(90:29 / Allies) BeinJonMatheson: nvm
(90:38 / Allies) nutsonyochin.de: thanks for distracting me mata.
(90:42 / Allies) nutsonyochin.de: couldve had 12 chim
(90:47 / Allies) nutsonyochin.de: telling me to blizz a far seer.
(90:55 / Allies) M.ata: they have many bat..
(91:00 / Allies) M.ata: unknown loc
(91:31 / Allies) M.ata: bought orb for 5 extra damage..
(91:36 / Allies) BeinJonMatheson: niec.
(92:19 / Allies) nutsonyochin.de: lost 9 dhawk
(92:26 / Allies) BeinJonMatheson: dang.
(93:16 / Allies) nutsonyochin.de: does panda need that belt i think not.
(93:25 / Allies) M.ata: well w.e
(93:36 / Allies) nutsonyochin.de: can archm have ty
(93:41 / Allies) nutsonyochin.de: one coil nova and im dead
(94:08 / Allies) BeinJonMatheson: they lusting up
(95:43 / Allies) BeinJonMatheson: 432 crit
(95:54 / Allies) nutsonyochin.de: fuckin
(95:58 / Allies) nutsonyochin.de: i had those bats
(96:04 / Allies) nutsonyochin.de: until my dhawk decide to wander off into fiend territory
(96:15 / Allies) M.ata: i have a boatload of ne air
(96:22 / Allies) nutsonyochin.de: draw em in
(96:24 / Allies) nutsonyochin.de: they got no bat
(96:33 / Allies) M.ata: you're in no upkeep now so if ti gets to it you know
(96:38 / Allies) M.ata: you can tier up somewhere
(97:01 / Allies) M.ata: i'll bring out some dott and some hipps
(97:25 / Allies) nutsonyochin.de: well
(97:40 / Allies) BeinJonMatheson: i think we can conclude that bat are imba.
(97:52 / Allies) nutsonyochin.de: they go immune 1000 feet away
(97:55 / Allies) nutsonyochin.de: impossible to shackle
(98:45 / Allies) M.ata: ud still there
(98:46 / Allies) M.ata: wanna go over tees?
(98:55 / Allies) BeinJonMatheson: i'll keep ud busy
(99:11 / Allies) nutsonyochin.de: b
(99:22 / Allies) nutsonyochin.de: hes got 24 bat by now
(99:27 / Allies) M.ata: yaya
(99:40 / Allies) M.ata: gold is out atleast
(99:50 / Allies) M.ata: fiend there new
(99:51 / Allies) BeinJonMatheson: ud left
(99:51 / Allies) M.ata: now
(100:00 / Allies) M.ata: be ready with those dang shackler pelaze
(100:45 / Allies) M.ata: level 2 beastm..
(100:54 / Allies) BeinJonMatheson: get bear
(101:01 / Allies) nutsonyochin.de: move air please
(101:10 / Allies) M.ata: not gonna get bear
(101:13 / Allies) BeinJonMatheson: 420 crit lol guys smoke weed everyday
(101:19 / Allies) M.ata: useless until 5
(101:28 / Allies) BeinJonMatheson: i was being sarcastic but i forgot about blink.
(101:40 / Allies) BeinJonMatheson: haha waste shaman's autocast mana
(101:44 / Allies) M.ata: well level 3 bear is actually really good
(101:45 / Allies) BeinJonMatheson: by going into range and comin out again
(101:55 / Allies) BeinJonMatheson: shacklers?
(101:56 / Allies) BeinJonMatheson: not today
(102:04 / Allies) nutsonyochin.de: sorryt was on other side
(102:05 / Allies) M.ata: reaction time
(102:08 / Allies) nutsonyochin.de: was expecting nelf to go around
(102:08 / Allies) BeinJonMatheson: haha
(102:10 / Allies) nutsonyochin.de: he likes to do that
(102:14 / Allies) M.ata: cant control
(103:02 / Allies) BeinJonMatheson: dang close
(103:02 / Allies) nutsonyochin.de: almost
(103:03 / Allies) BeinJonMatheson: almost
(104:28 / Allies) nutsonyochin.de: blink and own dk
(104:39 / Allies) M.ata: i'm in yellow
(104:39 / Allies) BeinJonMatheson: should i buy moonstone
(104:41 / Allies) BeinJonMatheson: we have infinite money
(104:42 / Allies) M.ata: besides
(104:46 / Allies) nutsonyochin.de: i salve you
(104:46 / Allies) BeinJonMatheson: o no shop
(104:47 / Allies) M.ata: he has dpact now
(105:01 / Allies) M.ata: you can pass me hu staff for fullheal
(105:02 / All) sivers_94: jsuis la
(105:11 / Allies) M.ata: hehe
(105:13 / Allies) nutsonyochin.de: bad spot
(105:18 / Allies) M.ata: ya
(105:18 / Allies) nutsonyochin.de: jaja
(105:24 / Allies) M.ata: you can staff again tho
(105:29 / Allies) M.ata: see if he turns up somewhere else
(105:31 / Allies) nutsonyochin.de: you can dispel it with detonate
(105:34 / Allies) nutsonyochin.de: did you know that
(105:47 / Allies) M.ata: i think i did
(105:51 / Allies) BeinJonMatheson: haha
(105:52 / Allies) nutsonyochin.de: sniped
(105:53 / All) M.ata: good game
(105:54 / Allies) BeinJonMatheson: can't believe we won
(105:58 / All) AnnyungHaseyo: yep
(106:21 / Allies) BeinJonMatheson: wowwww
(106:23 / Allies) BeinJonMatheson: 2 years
(106:34 / Allies) M.ata: HUH
(106:39 / All) nutsonyochin.de: Wtf u say son.
(106:47 / All) BeinJonMatheson: u little homo bitch.. glad i owned u
(106:53 / All) BeinJonMatheson: gonna show this replay to my frat
(107:07 / Allies) M.ata: dats so american..
(107:14 / Allies) BeinJonMatheson: eheh i kno rite?
(107:49 / All) BeinJonMatheson: yo mama looks like brutillus
(107:53 / All) AnnyungHaseyo: xD
(108:35 / All) nutsonyochin.de: how much golds u got.
(108:38 / Allies) nutsonyochin.de: making shade
(108:43 / All) M.ata: 10 got >10k :O
(108:43 / All) BeinJonMatheson: NOT ENOUGH SON
(110:05 / Allies) M.ata: ne shouldnt be able to attack during night
(110:07 / Allies) M.ata: i mean
(110:08 / Allies) M.ata: during day
(110:12 / Allies) M.ata: then deal 2x the damage @ night
(110:15 / Allies) M.ata: tower rushes would be mad hard to fight tho
(111:22 / Allies) BeinJonMatheson: ok. back sorrey
(111:31 / Allies) nutsonyochin.de: suck a dick shit captain faggo
(112:13 / Allies) M.ata: my name is captain faggo
(112:15 / Allies) M.ata: dont you forget it
(112:46 / Allies) M.ata: blinn ever heard of riccy occasek and the cars?
(113:35 / Allies) BeinJonMatheson: nope
(113:46 / Allies) nutsonyochin.de: lets end this
(113:49 / Allies) BeinJonMatheson: some indie folk band? :)
(113:53 / Allies) BeinJonMatheson: my namea blinn
(115:46 / Allies) nutsonyochin.de: got no cloud this gonna be rought and tough
(116:51 / Allies) BeinJonMatheson: oh dear.
(117:07 / Allies) nutsonyochin.de: mata make chim please
(118:25 / Allies) M.ata: ca ching
(118:32 / Allies) M.ata: i just got 11000 sek...
(118:40 / Allies) M.ata: eez not so
(118:42 / Allies) M.ata: bad
(118:43 / Allies) M.ata: eh
(121:01 / Allies) BeinJonMatheson: mata
(121:05 / Allies) M.ata: 'UWT
(121:06 / Allies) M.ata: WUT
(121:07 / Allies) BeinJonMatheson: how much is a sandwich in sek
(121:15 / Allies) M.ata: 10 000 000 000 000 000 000 000
(121:24 / Allies) BeinJonMatheson: hehe i lol at ur currency
(121:37 / Allies) M.ata: 1 antimatter sandwich
(122:01 / Allies) nutsonyochin.de: go own with wardne...
(122:14 / Allies) nutsonyochin.de: lose some hippos
(122:15 / Allies) nutsonyochin.de: imo
(122:18 / Allies) M.ata: i dunno if i wanna......
(122:19 / Allies) nutsonyochin.de: suicide on da chim
(122:22 / Allies) M.ata: pullin a blinn
(122:26 / Allies) nutsonyochin.de: im gonna make more shacklers
(122:27 / Allies) M.ata: why dont you suicide your units? on chim?
(122:32 / Allies) M.ata: why should i do it?
(122:40 / Allies) nutsonyochin.de: so you can make more chim...
(122:40 / Allies) M.ata: fuck you im not going to suicide my units..
(122:53 / Allies) nutsonyochin.de: woops lemme tab out in middle of undead abse
(122:56 / Allies) M.ata: (this is where blinn unshares)
(123:11 / Allies) nutsonyochin.de: guy is tabbed out
(123:35 / Allies) M.ata: red isnt
(123:46 / Allies) M.ata: ah is jus blue
(124:03 / Allies) nutsonyochin.de: send
(124:37 / Allies) BeinJonMatheson: im leaving..
(124:47 / Allies) BeinJonMatheson: ive had enough of u guys
(124:49 / Allies) M.ata: would not surprise me
(124:57 / Allies) nutsonyochin.de: give me resources first plz
(125:02 / Allies) BeinJonMatheson: i jok
(125:04 / Allies) BeinJonMatheson: like timg4strok
(125:15 / Allies) M.ata: he just jokking
(125:36 / Allies) nutsonyochin.de: source me blinn
(125:47 / Allies) BeinJonMatheson: ok
(125:57 / Allies) BeinJonMatheson: in flies da money
(126:05 / Allies) nutsonyochin.de: awoooooooot
(126:09 / Allies) nutsonyochin.de: any source mata
(126:12 / Allies) nutsonyochin.de: mainly lumab.er...
(126:57 / Allies) M.ata: frost armor: sweet
(128:06 / Allies) M.ata: makin mad shade
(128:13 / Allies) nutsonyochin.de: gonna spy on u.
(128:37 / Allies) BeinJonMatheson: Currently Listening to: Backstreet Boys - Backstreet's Back
(128:39 / Allies) nutsonyochin.de: gold b4 upk.......
(128:46 / Allies) M.ata: back street's back alright
(128:53 / Allies) BeinJonMatheson: Next up: Michelle Branch - Everywhere
(129:10 / Allies) M.ata: lets go
(129:17 / Allies) M.ata: why wait
(129:28 / Allies) M.ata: come with some air pleas
(130:26 / Allies) nutsonyochin.de: ge tme mass tp./...
(130:32 / Allies) M.ata: no.
(130:36 / Allies) nutsonyochin.de: kill tc with no warden...
(131:45 / Allies) M.ata: keep it cloudy
(132:02 / Allies) BeinJonMatheson: what is our clan in sc2 gonna be called
(132:08 / Allies) nutsonyochin.de: dick
(132:10 / Allies) M.ata: depends on the limitations
(132:17 / Allies) M.ata: dick, short for richard
(132:18 / Allies) nutsonyochin.de: Richard Appreciateion Clan.
(132:23 / Allies) nutsonyochin.de: with the e
(132:23 / Allies) BeinJonMatheson: heheh.
(132:41 / Allies) nutsonyochin.de: clan dont hate cuz we gay and u not
(132:43 / Allies) BeinJonMatheson: i kiss u.. and embrace u tightly for approx 35 secs
(132:46 / Allies) M.ata: when we lose tthey'll be all god u guys are dicks and we'll give them a knowing wink
(132:56 / Allies) nutsonyochin.de: sorry blinn you aint cut out to do in depth fanfic
(133:11 / Allies) BeinJonMatheson: gotta get a BA in english first
(133:28 / Allies) nutsonyochin.de: i clutch u to my bosom, our hearts beat 2gether as one.......
(133:40 / All) M.ata: lmao ya noob :D
(133:45 / Allies) nutsonyochin.de: u wink at me, and knowingly i bite ur upper lip with the tenderset of efforts...
(133:52 / Allies) nutsonyochin.de: damn blinn are you gay
(133:55 / Allies) nutsonyochin.de: wanting me to do that shit
(133:59 / All) M.ata: how did you let it get this bad bro..
(134:17 / Allies) BeinJonMatheson: the tenderset of efforts
(134:22 / Allies) BeinJonMatheson: what does that even mean
(134:27 / Allies) M.ata: the set of tenders
(134:36 / Allies) nutsonyochin.de: wanted to say tenderly but i just said knowingly
(134:40 / Allies) nutsonyochin.de: didnt have time to think.....
(134:53 / Allies) M.ata: it's set theory blinn
(135:01 / Allies) nutsonyochin.de: if i take too long i just hear blinn screaming about how my erotica aint on time
(135:03 / Allies) M.ata: you'll learn about that in highscool in a few yeaar
(135:11 / Allies) BeinJonMatheson: hopefully.
(135:24 / Allies) M.ata: nah jk you wont learn about set theory unless you're a math major prob
(135:33 / Allies) nutsonyochin.de: how do you think widescreen gonna work in sc2
(135:39 / Allies) M.ata: same as it ever was
(135:42 / Allies) M.ata: same as it ever was
(135:50 / Allies) nutsonyochin.de: stretched?
(135:57 / Allies) M.ata: maybe they let you move ui to the side of the screen isntead
(136:01 / Allies) nutsonyochin.de: yeah
(136:04 / Allies) M.ata: and just get bigger units
(136:05 / Allies) nutsonyochin.de: thats what i was thinking
(136:09 / All) AnnyungHaseyo: I think I'll try this tech next time I play to lame :p
(136:13 / All) AnnyungHaseyo: Warden blonk
(136:14 / All) M.ata: get owned again fag
(136:17 / Allies) M.ata: haha
(136:18 / All) nutsonyochin.de: huh suck my dick bitch
(136:21 / All) AnnyungHaseyo: and find some creepy spo
(136:23 / All) AnnyungHaseyo: t
(136:26 / Allies) M.ata: i'm blonking up
(136:34 / Allies) nutsonyochin.de: maybe they have options on the side
(136:42 / Allies) nutsonyochin.de: like instead of pressing f10 for menu
(136:46 / Allies) nutsonyochin.de: is all tabbed on the right
(136:53 / Allies) M.ata: ayea.
(137:03 / Allies) nutsonyochin.de: i hope they do some kind of widescreen support
(137:08 / Allies) nutsonyochin.de: stretched war3 looks funky
(137:14 / Allies) M.ata: prob, blizz is pretty smart and widescreen is pretty common
(137:26 / Allies) BeinJonMatheson: i bet you somebody out there somewhere
(137:30 / Allies) BeinJonMatheson: watches our replays freq.
(137:32 / Allies) M.ata: i wouldnt even mind if widescreen peeps just saw more
(137:34 / Allies) BeinJonMatheson: and writes slash fanfiction
(137:40 / Allies) M.ata: i'll take you up
(137:40 / Allies) nutsonyochin.de: i do that
(137:41 / Allies) BeinJonMatheson: mata & tim.
(137:41 / Allies) M.ata: on that 1
(137:44 / Allies) nutsonyochin.de: its always in upking
(137:46 / Allies) nutsonyochin.de: i write fanfic
(138:04 / Allies) nutsonyochin.de: mata getting owned by a archon
(138:05 / Allies) M.ata: archonthyme
(138:17 / All) AnnyungHaseyo: gg
(138:18 / All) nutsonyochin.de: uproot tree
(138:21 / All) nutsonyochin.de: he looks cool in cloud
(138:30 / All) BeinJonMatheson: gg suck my dick